AoeStats
← plutoniumdrache

Arabia

509599457Analyzed
1v1 RM · 3d ago on Sep 27, 2026· 54m 15s· 2 players
Game mode
Random Map
Map size
Tiny (2 player)
Population
200
Speed
Normal
Resources
Standard
Victory
Conquest
Starting age
Dark Age
Ending age
Imperial Age
RankedLock teamsTeams togetherTeam positionsShared explorationLock speedFull tech treeHidden civsTurbo modeCheats
Victory
Defeat
🇩🇪 Romans · Germany
1086
+16
🇫🇷 Bulgarians · France
1079
-16
lplombierdu74
7:17 Loom
9:56 Feudal Age
19:36 Castle Age
25:42 Scale Barding Armor
26:47 Chain Barding Armor
27:37 Bloodlines
28:06 Forging
29:56 Iron Casting
30:35 Elite Skirmisher
32:37 Wheelbarrow
33:50 Hand Cart
36:46 Fletching
40:52 Husbandry
41:47 Stirrups
46:20 Imperial Age
46:18 Scale Mail Armor
49:37 Plate Barding Armor
50:02 Blast Furnace
52:41 Chain Mail Armor
plutoniumdrache
6:45 Loom
9:43 Feudal Age
10:03 Man-at-Arms
10:37 Horse Collar
16:04 Scale Mail Armor
17:37 Fletching
22:36 Castle Age
21:48 Gold Mining
23:02 Double-Bit Axe
23:19 Heavy Plow
23:05 Crossbowman
28:38 Long Swordsman
29:42 Pikeman
31:12 Squires
38:23 Ballistics
42:34 Wheelbarrow
41:44 Town Watch
42:20 Bow Saw
43:25 Chain Mail Armor
43:22 Bodkin Arrow
44:46 Forging
46:41 Hand Cart
49:57 Imperial Age
49:03 Town Patrol
50:10 Masonry
50:42 Iron Casting
50:10 Capped Ram
51:10 Halberdier
51:38 Siege Ram
53:55 Heavy Scorpion
Connection lost

Rejoining the realm…

Still unreachable

The connection could not be restored.

Session expired

The server has moved on; the page needs a fresh start.